 Dungeon Crawl Stone Soup version 0.24-a0-504-gcfb02b9d07 (webtiles) character file.

Game seed: 7418377896110548098

266 Inarius the Caller (level 6, -6/43 HPs)
             Began as a Demonspawn Summoner on July 17, 2019.
             Killed themself with a badly aimed fireball (15 damage)
             ... on level 4 of the Dungeon.
             The game lasted 00:07:49 (3950 turns).

Inarius the Caller (Demonspawn Summoner)            Turns: 3950, Time: 00:07:50

Health: -6/43      AC:  4    Str:  8    XL:     6   Next: 0%
Magic:  0/10       EV: 12    Int: 24    God:
Gold:   183        SH:  0    Dex: 13    Spells: 7/10 levels left

rFire    . . .     SeeInvis .   n - +1 spear
rCold    . . .     Gourm    .   (no shield)
rNeg     . . .     Faith    .   v - +0 leather armour
rPois    .         Spirit   +   a - +0 helmet
rElec    .         Reflect  .   (no cloak)
rCorr    .         Harm     .   (no gloves)
MR       .....                  (no boots)
Stlth    ++........             f - amulet of regeneration
HPRegen  0.54/turn              q - ring of flight
MPRegen  0.12/turn              (no ring)

@: brilliant
A: talons 2, powered by death 1, magic shield
a: Evoke Flight


You were on level 4 of the Dungeon.
You were not hungry.

You visited 1 branch of the dungeon, and saw 4 of its levels.

You collected 183 gold pieces.

Inventory:

Hand Weapons
 n - a +1 spear (weapon)
Missiles
 o - 5 javelins (quivered)
Armour
 a - a +0 helmet (worn)
 e - a cursed -1 large shield
 v - a +0 leather armour (worn)
Jewellery
 f - an amulet of regeneration (around neck)
 q - a ring of flight (left hand)
 x - an uncursed ring of magical power {unknown}
Wands
 d - a wand of random effects (13)
Scrolls
 b - a scroll of enchant weapon
 h - 2 scrolls of random uselessness {unknown}
 i - 3 scrolls of identify {unknown}
 k - a scroll of enchant armour {unknown}
 m - a scroll of teleportation {unknown}
 p - a scroll of blinking {unknown}
 r - a scroll of magic mapping {unknown}
 t - 2 scrolls of fog
 u - 3 scrolls of remove curse
Potions
 l - a potion of might
 s - a potion of haste {unknown}
Comestibles
 c - 5 rations
 w - 4 chunks of flesh


   Skills:
 + Level 1.6 Fighting
   Level 0.7 Maces & Flails
 - Level 1.8 Polearms
 - Level 0.4 Armour
 + Level 2.5 Dodging
 - Level 3.0 Stealth
 + Level 0.4 Unarmed Combat
 + Level 2.7 Spellcasting
 * Level 4.9 Summonings


You had 7 spell levels left.
You knew the following spells:

 Your Spells              Type           Power        Failure   Level  Hunger
a - Summon Small Mammal   Summ           ####         1%          1    None
b - Call Imp              Summ           #####...     1%          2    ##.....

Your spell library contained the following spells:

 Spells                   Type           Power        Failure   Level  Hunger
 Call Canine Familiar     Summ           #####...     1%          3    ###....
 Summon Guardian Golem    Hex/Summ       ####....     2%          3    ###....
 Summon Ice Beast         Ice/Summ       ####....     7%          4    ####...
 Summon Lightning Spire   Summ/Air       ####....     7%          4    ####...


Dungeon Overview and Level Annotations

Branches:
Dungeon (4/15)
 Temple: D:4-7

Altars:
Fedhas
Gozag
Kikubaaqudgha
Okawaru
Ru
Zin


Innate Abilities, Weirdness & Mutations

You have razor-sharp toenails.
You regenerate a little health from kills.
When hurt, damage is shared between your health and your magic reserves.


Message History

It was a potion of curing.
You feel better. The orc hits you with a +0 short sword.
* * * LOW HITPOINT WARNING * * *
The white imp hits you but does no damage.
Casting: Call Imp (safe; 1% risk of failure)
Confirm with . or Enter, or press ? or * to list all spells.
You don't know that spell.
Unknown command.
Unknown command.
The orc throws a silver boomerang.
The silver boomerang barely misses you.
The weapon returns to the orc!
Evoke which item? (* to show all) (? for menu, Esc to quit)
Aiming: Random Effects
Press: ? - help, Shift-Dir - straight line, f - orc
Aim: an orc, wielding a +0 short sword (moderately wounded)
The fireball explodes!
The fireball engulfs the white imp!
The white imp is burned terribly!
You kill the white imp!
The fireball engulfs you!
You die...

############........#'####'#.....
...........#........#......#.....
...........##########......#....o
............#......#.......#...5.
............#......##.....##.....
............+......##.....#######
####.##....##......##............
####.##....###'######)...........
..........<#....@.o..............
.).........#)....................
...........))....................
###..###(..#####+############'###
###..###...##...................#
..#.........#...................#
..#.........+...................#
..#.........#...................#
..#.........#............>......#


You could see an orc.

Vanquished Creatures
  An ogre (D:4)
  An orc wizard (D:4)
  Jessica (D:2)
  A howler monkey zombie (D:4)
  4 adders
  A shadow imp (D:4)
  An ooze (D:3)
  2 worms
  3 leopard geckos
  7 orcs
  A ball python (D:4)
  3 giant cockroaches
  5 goblins
  4 hobgoblins (D:2)
  5 jackals (D:4)
  5 kobolds
  2 quokkas (D:3)
  9 bats
  3 frilled lizards
  4 rats
63 creatures vanquished.

Vanquished Creatures (collateral kills)
  An orc priest (D:4)
  An ooze (D:1)
  A dart slug (D:3)
  A bat (D:1)
  A frilled lizard (D:1)
  A kobold (D:1)
6 creatures vanquished.

Grand Total: 69 creatures vanquished

Notes
Turn   | Place    | Note
-------+----------+-------------------------------------------
     0 | D:1      | Inarius the Demonspawn Summoner began the quest for the
                  | Orb.
     0 | D:1      | Reached XP level 1. HP: 13/13 MP: 3/3
   619 | D:1      | Gained mutation: You have sharp toenails. [demonic
                  | ancestry]
   619 | D:1      | Reached XP level 2. HP: 5/19 MP: 5/5
  1332 | D:1      | Learned a level 2 spell: Call Imp
  1721 | D:2      | Gained mutation: When hurt, damage is shared between your
                  | health and your magic reserves. [demonic ancestry]
  1721 | D:2      | Reached XP level 3. HP: 20/25 MP: 6/6
  1902 | D:2      | Found an opulent altar of Gozag.
  1903 | D:2      | Found a glowing silver altar of Zin.
  2115 | D:2      | Found a blossoming altar of Fedhas.
  2115 | D:2      | Found an ancient bone altar of Kikubaaqudgha.
  2283 | D:2      | Found a sacrificial altar of Ru.
  2325 | D:2      | Noticed Jessica
  2333 | D:2      | Killed Jessica
  2333 | D:2      | Reached skill level 1 in Polearms
  2333 | D:2      | Gained mutation: You have razor-sharp toenails. [demonic
                  | ancestry]
  2333 | D:2      | Reached XP level 4. HP: 31/31 MP: 7/7
  2545 | D:3      | Found an iron altar of Okawaru.
  2571 | D:3      | Reached skill level 1 in Fighting
  3527 | D:4      | Gained mutation: You regenerate a little health from kills.
                  | [demonic ancestry]
  3527 | D:4      | Reached XP level 5. HP: 37/37 MP: 8/8
  3651 | D:4      | Noticed an ogre
  3666 | D:4      | Killed an ogre
  3762 | D:4      | Noticed a phantom
  3938 | D:4      | Reached XP level 6. HP: 20/43 MP: 1/10
  3950 | D:4      | Killed themself with a badly aimed fireball

Levels and vault maps discovered:
D:1:      elethiomel_arrival_quiet, layout_loops_ring
D:2:      layout_basic, grunt_temple_overflow_growth_and_decay,
          grunt_temple_overflow_gold_and_silver,
          nicolae_ru_the_path_less_chosen, minmay_tripent, uniq_jessica
D:3:      layout_loops_ring, okawaru_metal_pillars_1_2
D:4:      layout_gridville, first_ration, serial_shops,
          nicolae_shop_overgrown_old_shop

Skill      XL: |  1  2  3  4  5 |
---------------+----------------+-----
Stealth        | 2 3 |  3.0
Polearms       | 1 |  1.8
Dodging        | 2 |  2.5
Fighting       | 1 |  1.6
Maces & Flails | |  0.7
Armour         | |  0.4
Unarmed Combat | |  0.4
Spellcasting   | |  2.7
Summonings     | |  4.9

Action                   |  1- 3 |  4- 6 || total
-------------------------+-------+-------++-------
Melee: Unarmed           |    19 |       ||    19
       Whip              |    80 |       ||    80
       Spear             |    50 |   160 ||   210
       Kick              |    13 |    23 ||    36
 Cast: Summon Small Mamm |     6 |       ||     6
       Call Imp          |     4 |    14 ||    18
Evoke: Wand              |       |     1 ||     1
  Use: Scroll            |     3 |     1 ||     4
       Potion            |       |     2 ||     2
 Stab: Sleeping          |     4 |     5 ||     9
       Distracted        |     1 |     1 ||     2
  Eat: Chunk             |     5 |     6 ||    11
Armor: Robe              |    37 |     9 ||    46
       Leather armour    |       |    36 ||    36
Dodge: Dodged            |   104 |   103 ||   207

Table legend:
 A = Non-vault XP
 B = Vault XP
 C = Vault XP percentage of total XP
 D = Non-vault monster count
 E = Vault monster count
 F = Vault count percentage of total count
                 A         B        C        D         E       F
            +---------+---------+-------+---------+---------+-------
      Total |     341 |      39 |  10.3 |      66 |       3 |   4.3
            +---------+---------+-------+---------+---------+-------
        D:1 |      26 |       0 |   0.0 |      17 |       0 |   0.0
        D:2 |      43 |      39 |  47.6 |      17 |       3 |  15.0
        D:3 |      57 |       0 |   0.0 |      13 |       0 |   0.0
        D:4 |     215 |       0 |   0.0 |      19 |       0 |   0.0
            +---------+---------+-------+---------+---------+-------
